 Dungeon Crawl Stone Soup version 0.21.0-3-g78d12a8 (webtiles) character file.

378 letownia2 the Conjurer (level 6, -2/29 HPs)
             Began as a Vine Stalker Wizard on Jan 14, 2018.
             Slain by a phantom (7 damage)
             ... on level 5 of the Dungeon.
             The game lasted 00:09:11 (2001 turns).

letownia2 the Conjurer (Vine Stalker Wizard)        Turns: 2001, Time: 00:09:11

Health: -2/29      AC:  3    Str: 12    XL:     6   Next: 74%
Magic:  0/12       EV: 11    Int: 18    God:
Gold:   189        SH:  0    Dex: 12    Spells: 3/12 levels left

rFire    . . .     SeeInvis .   l - +0 short sword
rCold    . . .     Gourm    .   (no shield)
rNeg     . . .     Faith    .   n - +0 leather armour
rPois    .         Spirit   +   b - +0 hat
rElec    .         Reflect  .   (no cloak)
rCorr    .         Harm     .   (no gloves)
MR       .....                  (no boots)
Stlth    ++........             (no amulet)
HPRegen  0.49/turn              (no ring)
MPRegen  0.13/turn              (no ring)

@: no status effects
A: fangs 2, regeneration 1, magic shield, antimagic bite, no potion heal 3, rot
immunity
a: no special abilities


You were on level 5 of the Dungeon.
You were hungry.

You visited 1 branch of the dungeon, and saw 5 of its levels.

You collected 189 gold pieces.

Inventory:

Hand Weapons
 l - a +0 short sword (weapon)
Armour
 a - a +0 robe
 b - a +0 hat (worn)
 g - a +0 ring mail
 n - a +0 leather armour (worn)
 s - a +1 scale mail of fire resistance
Wands
 j - a wand of paralysis (13)
 p - a wand of scattershot (5)
Scrolls
 e - a scroll of fear {unknown}
 h - 3 scrolls of remove curse {unknown}
 k - 5 scrolls of identify {unknown}
 m - a scroll of noise {unknown}
 q - a scroll of fog {unknown}
 r - a scroll of teleportation {unknown}
Potions
 f - 2 potions of curing {unknown}
 i - 2 potions of flight {unknown}
 o - a potion of lignification {unknown}
 t - a potion of degeneration {unknown}
Books
 c - a book of Minor Magic

   Spells                             Type                      Level
   a - Magic Dart                     Conjuration                  1
   b - Blink                          Translocation                2
   c - Call Imp                       Summoning                    2
   d - Slow                           Hexes                        2
   e - Conjure Flame                  Conjuration/Fire             3
   f - Mephitic Cloud                 Conjuration/Poison/Air       3
Comestibles
 d - 4 rations


   Skills:
 + Level 0.9 Fighting
 + Level 0.8 Armour
 - Level 1.5 Dodging
 - Level 2.4 Stealth
 + Level 3.5 Spellcasting
 - Level 4.0 Conjurations
   Level 1.0 Summonings
 - Level 2.3 Translocations
 - Level 2.0 Fire Magic
 - Level 2.0 Air Magic
 - Level 2.0 Poison Magic


You had 3 spell levels left.
You knew the following spells:

 Your Spells              Type           Power        Failure   Level  Hunger
a - Magic Dart            Conj           ###.         3%          1    None
b - Blink                 Tloc           N/A          11%         2    ##.....
c - Conjure Flame         Conj/Fire      ##......     17%         3    ###....
e - Mephitic Cloud        Conj/Pois/Air  ##......     19%         3    ###....


Dungeon Overview and Level Annotations

Branches:
Dungeon (5/15)
 Temple: D:4-7

Altars:
Hepliaklqana

Annotations:
D:4 1 runed door


Innate Abilities, Weirdness & Mutations

You have extremely sharp teeth.
Your natural rate of healing is unusually fast.
When hurt, damage is shared between your health and your magic reserves.
Your bite disrupts and absorbs the magic of your enemies.
Potions cannot restore your health.
You are immune to rotting.


Message History

You butcher the rat corpse.
The phantom hits you!
The phantom blinks!
Things that are here:
a chunk of flesh; a rat skeleton
u - a chunk of flesh A jelly comes into view.
The jelly moves out of view.
Eat a chunk of flesh? (ye/n/q)
You eat the chunk of flesh.
This raw flesh tastes terrible.
You are feeling hungry.
The phantom hits you but does no damage.
The phantom misses you. The jelly barely misses you.
Found a scroll labeled ULOOMILASI.
Unknown command.
You hit the phantom. Your bite misses the phantom.
The phantom is lightly damaged.
The phantom hits you. The jelly hits you.
You are splashed with acid!
The acid burns!
* * * LOW HITPOINT WARNING * * *
The phantom hits you!
You die...

#. #.. ..? #.# #.. .#
##.# .# ##J# ## #.# #@.#
. #######.# ##W## .#
........# #r## #.#
#.###...# #..###.## #.#
#...# #######...#.#
#.###.#.###.#.†###W..#
#..)....##.#.##W.÷..r#
#####.#...#.###.##.##..#
....#.#+##.## ##..#$#
#...


You could see a phantom, a jelly and a quokka.

Vanquished Creatures
  An ogre (D:4)
  A bullfrog (D:5)
  3 orc priests
  2 iguanas (D:4)
  2 worker ants
  A worker ant zombie (D:5)
  A river rat (D:5)
  A dart slug (D:4)
  2 leopard geckos
  7 orcs
  A bat (D:3)
  4 quokkas
  A giant cockroach zombie (D:5)
  2 rats
29 creatures vanquished.

Notes
Turn   | Place    | Note
-------+----------+-------------------------------------------
     0 | D:1      | letownia2 the Vine Stalker Wizard began the quest for the Orb.
     0 | D:1      | Reached XP level 1. HP: 9/9 MP: 5/5
   201 | D:3      | Found a hazy altar of Hepliaklqana.
   250 | D:3      | Noticed an orc priest
   385 | D:3      | Reached skill level 2 in Conjurations
   385 | D:3      | Reached XP level 2. HP: 6/13 MP: 0/7
   860 | D:4      | Found a runed door.
   916 | D:4      | Reached skill level 3 in Conjurations
   916 | D:4      | Reached XP level 3. HP: 16/16 MP: 8/8
   930 | D:4      | Learned a level 3 spell: Mephitic Cloud
   939 | D:4      | Learned a level 3 spell: Conjure Flame
   959 | D:4      | Reached skill level 4 in Conjurations
   959 | D:4      | Gained mutation: Your natural rate of healing is unusually fast. [Vine Stalker growth]
   959 | D:4      | Reached XP level 4. HP: 21/21 MP: 6/9
  1062 | D:4      | Learned a level 2 spell: Blink
  1172 | D:5      | Entered Level 5 of the Dungeon
  1172 | D:5      | Noticed a sky beast
  1197 | D:4      | Noticed an ogre
  1248 | D:4      | Killed an ogre
  1248 | D:4      | Reached skill level 1 in Fire Magic
  1248 | D:4      | Reached skill level 1 in Air Magic
  1248 | D:4      | Reached skill level 1 in Poison Magic
  1248 | D:4      | Reached XP level 5. HP: 24/24 MP: 0/10
  1365 | D:5      | Reached XP level 6. HP: 28/28 MP: 4/11
  1945 | D:5      | Noticed a phantom
  2001 | D:5      | Slain by a phantom

Skill      XL: |  1  2  3  4  5  6 |
---------------+-------------------+-----
Conjurations   | 2 3 4 |  4.0
Fire Magic     | 1 2 |  2.0
Air Magic      | 1 2 |  2.0
Poison Magic   | 1 2 |  2.0
Translocations | 2 |  2.3
Fighting       | |  0.9
Armour         | |  0.8
Dodging        | |  1.5
Stealth        | |  2.4
Spellcasting   | |  3.5
Summonings     | |  1.0

Action                   |  1- 3 |  4- 6 || total
-------------------------+-------+-------++-------
Melee: Unarmed           |     6 |       ||     6
       Bite              |     5 |    18 ||    23
       Short sword       |    11 |    68 ||    79
 Cast: Magic Dart        |    35 |    43 ||    78
       Mephitic Cloud    |     1 |     9 ||    10
       Conjure Flame     |       |     1 ||     1
Evoke: Wand              |     1 |       ||     1
 Stab: Paralysed         |     5 |       ||     5
       Confused          |     1 |     9 ||    10
       Sleeping          |       |     1 ||     1
  Eat: Chunk             |       |     4 ||     4
Armor: Ring mail         |     4 |       ||     4
       Leather armour    |       |     9 ||     9
Dodge: Dodged            |     5 |    29 ||    34
